 Dungeon Crawl Stone Soup version 0.23.2-40-g277498a (webtiles) character file.

Game seed: 10474670280033202213

6234 Fang the Fighter (level 10, -13/102 HPs)
             Began as a Gargoyle Berserker on Oct 18, 2019.
             Was a High Priest of Trog.
             Mangled by Snorg (18 damage)
             ... on level 10 of the Dungeon.
             The game lasted 00:12:28 (7838 turns).

Fang the Fighter (Gargoyle Berserker)               Turns: 7838, Time: 00:12:28

Health: -13/102    AC: 22    Str: 34    XL:     10   Next: 93%
Magic:  10/10      EV: 11    Int: 12    God:    Trog [*****.]
Gold:   264        SH:  0    Dex:  9    Spells: 9/9 levels left

rFire    + . .     SeeInvis .   a - +4 battleaxe
rCold    + . .     Gourm    .   (shield currently unavailable)
rNeg     + . .     Faith    .   b - +1 plate armour
rPois    ∞         Spirit   .   (no helmet)
rElec    +         Reflect  .   t - scarf {rC+ rF+}
rCorr    .         Harm     .   (no gloves)
MR       .....                  (no boots)
Stlth    ..........             e - amulet of regeneration
HPRegen  0.67/turn              w - +4 ring of intelligence
MPRegen  0.12/turn              f - +5 ring of strength

@: berserking, very quick
A: negative energy resistance 1, electricity resistance, unbreathing,
petrification resistance, rot immunity, AC +7
a: Berserk, Trog's Hand, Brothers in Arms, Renounce Religion


You were on level 10 of the Dungeon.
You worshipped Trog.
Trog was extremely pleased with you.
You were hungry.

You visited 2 branches of the dungeon, and saw 11 of its levels.

You collected 404 gold pieces.
You spent 140 gold pieces at shops.

Inventory:

Hand Weapons
 a - a +4 battleaxe (weapon)
Armour
 b - a +1 plate armour (worn)
 t - a scarf of resistance (worn)
Jewellery
 e - an amulet of regeneration (around neck)
 f - a +5 ring of strength (right hand)
 w - a +4 ring of intelligence (left hand)
Wands
 p - a wand of flame (24)
Scrolls
 h - a scroll of remove curse
 o - 2 scrolls of magic mapping
 q - 2 scrolls of blinking
Potions
 i - 3 potions of haste
 j - 3 potions of curing
 k - a potion of might
 l - a potion of flight
 m - a potion of magic
 n - a potion of mutation
 v - a potion of heal wounds
 x - a potion of resistance
 z - a potion of ambrosia {unknown}
Comestibles
 c - 18 rations
 g - 15 chunks of flesh


   Skills:
 * Level 9.9 Fighting
 * Level 8.3 Axes
 + Level 8.7 Armour
 + Level 6.5 Dodging


You had 9 spell levels left.
You didn't know any spells.
Your spell library was empty.

Dungeon Overview and Level Annotations

Branches:
Dungeon (10/15)            Temple (1/1) D:5
   Lair: D:8-11         Orc: D:9-12

Altars:
Ashenzari
Cheibriados
Dithmenos
Elyvilon
Fedhas
Gozag
Hepliaklqana
Kikubaaqudgha
Makhleb
Nemelex Xobeh
Okawaru
Qazlal
Ru
Sif Muna
Trog
Uskayaw
Vehumet
Wu Jian
Xom
Yredelemnul
Zin
The Shining One

Shops:
D:7 !

Annotations:
D:10 Snorg


Innate Abilities, Weirdness & Mutations

You are resistant to torment.
Your stone body is resilient. (AC +7)
You are immune to poison.
You resist negative energy. (rN+)
You are resistant to electric shocks. (rElec)
You can survive without breathing.
You are immune to petrification.
You are immune to rotting.


Message History

Snorg is moderately wounded.
You slice the porcupine!!
You feel the power of Trog in you as your rage grows.
You kill the porcupine!
Trog accepts your kill. Snorg closely misses you. Snorg barely misses you.
Snorg claws you but does no damage.
You closely miss Snorg.
Snorg is moderately wounded.
Snorg closely misses you. Snorg completely misses you.
Snorg claws you but does no damage.
You slice Snorg!!
Snorg is heavily wounded.
You hear a loud, deep croak!
Snorg bites you but does no damage. Snorg claws you but does no damage. x2
You slash Snorg!
Snorg is heavily wounded.
A bullfrog comes into view.
Snorg bites you!!
You die... ..# ..# #. ...PPPF ..# #.. ..?PP.P ### .... .P..PPP

# ....####'..PPP. #
#...<...P.P..P #
#........P..PP #
#.....T...PP.P #
#.....@†...PPP ###
#......>..P... ..#
#.........P... #.#
#............P
#.####+####......./...P.
#.....................P.
'............####++#....
#....#######.# ..#.
.....# #.# .#


You could see Snorg (berserk) and a bullfrog.

Vanquished Creatures
  Pikel (D:4)
  A queen bee (D:9)
  A hippogriff (D:8)
  Sigmund (D:6)
  6 yaks (D:10)
  A hungry ghost (D:8)
  2 porcupines (D:10)
  An orc warrior (D:6)
  6 sky beasts
  A hornet zombie (D:7)
  A black bear (D:10)
  An ice beast (D:5)
  3 ogres
  A centaur (D:6)
  A crocodile (D:8)
  3 bullfrogs
  2 scorpions
  6 wights
  12 killer bees
  2 bullfrog zombies
  7 crimson imps
  3 jellies
  4 hounds
  7 orc wizards
  3 bullfrog skeletons
  7 orc priests
  9 worker ants
  A hound zombie (D:6)
  6 adders
  A howler monkey skeleton (D:7)
  9 river rats (D:5)
  5 shadow imps
  An ooze (D:7)
  An adder zombie (D:5)
  2 dart slugs (D:1)
  5 leopard geckos
  28 orcs
  2 ball pythons (D:1)
  8 bats
  3 giant cockroaches
  13 goblins
  7 hobgoblins
  4 iguanas
  10 jackals
  6 kobolds
  9 quokkas
  A ball python skeleton (D:3)
  7 frilled lizards
  4 hobgoblin zombies (D:4)
  A kobold skeleton (D:4)
  A leopard gecko skeleton (D:6)
  A leopard gecko zombie (D:9)
  2 orc skeletons (D:4)
  3 orc zombies (D:4)
  24 rats
258 creatures vanquished.

Vanquished Creatures (collateral kills)
  A killer bee (D:9)
1 creature vanquished.

Vanquished Creatures (others)
  A fungus (D:10)
1 creature vanquished.

Grand Total: 260 creatures vanquished

Notes
Turn   | Place    | Note
-------+----------+-------------------------------------------
     0 | D:1      | Fang the Gargoyle Berserker began the quest for the Orb.
     0 | D:1      | Reached XP level 1. HP: 14/14 MP: 1/1
    31 | D:1      | Reached XP level 2. HP: 9/19 MP: 2/2
   614 | D:1      | Reached XP level 3. HP: 21/23 MP: 3/3
   626 | D:1      | Reached ** piety under Trog
   825 | D:2      | Found a shimmering altar of Xom.
  1080 | D:2      | Found an ancient bone altar of Kikubaaqudgha.
  1163 | D:2      | Reached XP level 4. HP: 27/29 MP: 4/4
  1260 | D:2      | Reached skill level 4 in Fighting
  1751 | D:2      | Noticed an ogre
  1757 | D:2      | Killed an ogre
  1757 | D:2      | Reached XP level 5. HP: 34/34 MP: 5/5
  2001 | D:3      | Found a shattered altar of Ashenzari.
  2255 | D:3      | Reached XP level 6. HP: 37/39 MP: 6/6
  2707 | D:4      | Noticed a slave
  2788 | D:4      | Found a glowing golden altar of the Shining One.
  2807 | D:4      | Reached *** piety under Trog
  2983 | D:4      | Noticed a slave
  2984 | D:4      | Noticed Pikel
  2984 | D:4      | Noticed a slave
  2985 | D:4      | Noticed a slave
  2995 | D:4      | Killed Pikel
  2995 | D:4      | Reached skill level 5 in Fighting
  2995 | D:4      | Reached skill level 5 in Armour
  2995 | D:4      | Reached XP level 7. HP: 45/45 MP: 7/7
  3036 | D:4      | Found a radiant altar of Vehumet.
  3100 | D:4      | Found a snail-covered altar of Cheibriados.
  3141 | D:4      | Found an iron altar of Okawaru.
  3260 | D:5      | Entered Level 5 of the Dungeon
  3295 | D:5      | Reached XP level 8. HP: 51/51 MP: 8/8
  3483 | D:5      | Found a sparkling altar of Nemelex Xobeh.
  3522 | D:5      | Reached skill level 6 in Fighting
  3522 | D:5      | Reached skill level 5 in Axes
  3653 | D:5      | Reached **** piety under Trog
  3859 | D:5      | Found a staircase to the Ecumenical Temple.
  3889 | D:5      | Found a bloodstained altar of Trog.
  3907 | Temple   | Entered the Ecumenical Temple
  4077 | D:5      | Found a glowing silver altar of Zin.
  4605 | D:6      | Reached skill level 7 in Fighting
  4605 | D:6      | Reached XP level 9. HP: 28/57 MP: 9/9
  4775 | D:6      | Found a deep blue altar of Sif Muna.
  4835 | D:6      | Noticed Sigmund
  4849 | D:6      | Killed Sigmund
  4849 | D:6      | Reached skill level 5 in Dodging
  5217 | D:7      | Found Ugoeny's Distillery.
  5229 | D:7      | Identified a scroll of acquirement
  5270 | D:7      | Bought a potion of heal wounds for 70 gold pieces
  5270 | D:7      | Bought a potion of heal wounds for 70 gold pieces
  5461 | D:7      | HP: 1/57 [orc priest/+0 flail (4)]
  5703 | D:7      | Found a hide-covered altar of Uskayaw.
  6310 | D:8      | Reached ***** piety under Trog
  6414 | D:8      | Reached skill level 8 in Fighting
  6503 | D:8      | Reached XP level 10. HP: 63/64 MP: 10/10
  7026 | D:9      | Reached skill level 9 in Fighting
  7620 | D:10     | Entered Level 10 of the Dungeon
  7825 | D:10     | Noticed Snorg
  7834 | D:10     | HP: 3/102 [Snorg (14)]
  7838 | D:10     | Mangled by Snorg

Skill      XL: |  1  2  3  4  5  6  7  8  9 10 |
---------------+-------------------------------+-----
Axes           | 3 4 5 6 8 |  8.3
Dodging        | 2 3 4 5 6 |  6.5
Fighting       | 4 5 7 8 9 |  9.9
Armour         | 3 5 6 7 8 |  8.7

Action                   |  1- 3 |  4- 6 |  7- 9 | 10-12 || total
-------------------------+-------+-------+-------+-------++-------
Melee: Hand axe          |   111 |       |       |       ||   111
       War axe           |    46 |   184 |   423 |       ||   653
       Battleaxe         |       |       |    25 |   143 ||   168
Invok: Berserk           |       |     4 |     4 |     2 ||    10
       Trog's Hand       |       |       |       |     1 ||     1
       Brothers in Arms  |       |       |       |     1 ||     1
  Use: Scroll            |       |       |    16 |     6 ||    22
       Potion            |       |       |     1 |     2 ||     3
  Eat: Chunk             |     1 |     6 |    13 |     9 ||    29
       Ration            |       |     1 |     1 |       ||     2
Armor: Animal skin       |    77 |     1 |       |       ||    78
       Chain mail        |       |    86 |       |       ||    86
       Plate armour      |       |    48 |   325 |   297 ||   670
       Skin              |       |     3 |       |       ||     3
Dodge: Dodged            |   130 |    91 |   222 |   242 ||   685
